Map: Para Site LE

Players

Zest - Winner!

  • Race: Protoss Protoss
  • League: Master
  • Spawn Location: 11:00

GuMiho

  • Race: Terran Terran
  • League: Grandmaster
  • Spawn Location: 5:00

Event: IEM Season 13 - Katowice Server Qualifiers Asia 2

VOD

Have the link to the VOD?

Description

Time

  • Played on: Jan. 22, 2019, 7:55 a.m.
  • Length: 17:34

All games in this series

Show
View Real Time Build Order
Export as new Build Order

Zest Protoss - Winner!

Build Orders: 1 Gate Expand, Oracle Opening 

Get SALT Encoding   

  12  0:00  Probe  
  13  0:12  Probe  
  14  0:17  Pylon  
  14  0:23  Probe  
  15  0:31  Probe  
  16  0:36  Gateway  
  16  0:39  Probe  
  16  0:45  Assimilator  
  17  0:51  Probe  
  18  1:03  Probe  
  19  1:15  Probe  
  20  1:22  Nexus  
  20  1:32  Cybernetics Core  
  20  1:35  Probe  
  21  1:40  Assimilator  
  21  1:47  Probe  
  21  1:50  Pylon  
  22  1:59  Probe, Adept  
  25  2:11  Stargate  
  25  2:12  Probe  
  26  2:17  Adept  
  26  2:20  Warp Gate  
  26  2:25  Probe  
  29  2:34  Probe  
  30  2:37  Probe  
  30  2:42  Adept  
  31  2:46  Oracle, Probe  
  31  2:49  Probe  
  38  2:58  Probe  
  38  3:01  Probe  
  38  3:03  Pylon  
  40  3:10  Probe  
  41  3:13  Probe  
  41  3:14  Oracle  
  45  3:32  Probe  
  46  3:37  Probe  
  46  3:43  Gateway x2  
  46  3:44  Oracle  
  46  3:47  Probe  
  46  3:49  Probe  
  46  3:53  Pylon  
  50  4:02  Nexus  
  50  4:03  Probe  
  50  4:04  Probe  
  52  4:13  Assimilator  
  52  4:15  Assimilator  
  52  4:16  Probe x2  
  54  4:27  Probe  
  54  4:28  Probe  
  56  4:31  Forge, Twilight Council  
  56  4:35  Probe  
  56  4:40  Probe  
  56  4:43  Probe  
  58  4:45  Pylon  
  58  4:52  Probe  
  60  4:54  Probe  
  61  5:00  Protoss Ground Weapons Level 1  
  61  5:04  Probe  
  61  5:05  Blink  
  61  5:06  Probe  
  63  5:07  Gateway x2  
  63  5:10  Gateway  
  63  5:15  Probe  
  63  5:16  Sentry x2, Probe  
  63  5:18  Probe  
  70  5:27  Phoenix  
  70  5:33  Stalker  
  67  5:39  Shield Battery  
  67  5:41  Stalker x2  
  73  5:42  Shield Battery  
  73  5:45  Shield Battery  
  73  5:58  Oracle, Stalker  
  61  6:19  Probe  
  61  6:20  Stalker x2  
  61  6:22  Probe  
  61  6:23  Probe  
  61  6:31  Probe  
  61  6:32  Oracle  
  60  6:35  Stalker x2  
  64  6:48  Probe x2  
  66  6:56  Probe  
  66  7:00  Robotics Facility, Probe  
  69  7:01  Probe  
  69  7:02  Protoss Ground Armor Level 1  
  67  7:09  Probe  
  67  7:14  Stalker x4  
  76  7:16  Probe  
  76  7:17  Pylon  
  76  7:19  Charge  
  77  7:25  Pylon x2  
  77  7:29  Forge  
  77  7:33  Probe x2  
  77  7:34  Pylon  
  79  7:39  Pylon x2  
  79  7:41  Probe x3  
  80  7:49  Probe x2  
  82  7:53  Probe  
  82  7:54  Observer  
  78  8:00  Stalker x5  
  77  8:24  Stalker x4  
  83  8:30  Probe  
  82  8:39  Probe  
  83  8:47  Probe x2, Stalker  
  81  8:51  Protoss Ground Armor Level 2  
  81  8:52  Protoss Ground Weapons Level 2  
  77  8:58  Probe  
  77  8:59  Probe  
  77  9:11  Probe  
  77  9:12  Probe x2  
  80  9:23  Probe  
  80  9:24  Probe  
  81  9:27  Probe  
  82  9:37  Probe  
  77  9:38  Sentry  
  77  9:39  Stalker x5  
  77  9:42  Immortal  
  89  10:03  Zealot x2  
  89  10:04  Zealot x4  
  91  10:24  Stalker  
  91  10:25  Zealot x2, Stalker x3  
  95  10:32  Immortal  
  97  10:41  Protoss Ground Weapons Level 3  
  95  10:43  Protoss Ground Armor Level 3  
  95  10:45  Zealot x2  
  95  10:49  Zealot x4  
  91  11:01  Probe x2  
  91  11:08  Sentry  
  93  11:17  Observer  
  93  11:19  Nexus  
  93  11:20  Pylon  
  94  11:29  Pylon  
  94  11:31  Probe x3, Immortal  
  97  11:40  Zealot x3, Pylon  
  97  11:41  Zealot x3  
  113  12:03  Photon Cannon  
  113  12:04  Stalker x6  
  125  12:15  Photon Cannon  
  125  12:22  Immortal  
  129  12:34  Gateway  
  129  12:35  Gateway  
  129  12:39  Zealot x6  
  129  12:43  Templar Archives  
  141  12:52  Immortal  
  141  13:01  Protoss Shields Level 1  
  145  13:09  Zealot x6  
  145  13:12  Pylon  
  157  13:14  Pylon  
  157  13:26  Warp Prism  
  157  13:30  High Templar  
  157  13:31  High Templar, Zealot x5  
  157  13:34  Pylon  
  171  13:37  Archon  
  173  13:45  Zealot  
  175  13:56  Zealot x5  
  181  14:06  Zealot x3  
  159  14:18  Zealot x5  
  159  14:21  Immortal  
  173  14:30  Zealot x3  
  169  14:37  Psionic Storm  
  163  14:45  Zealot x5  
  165  14:53  Immortal  
  165  15:01  High Templar x3  
  165  15:04  Probe x2  
  165  15:05  Gateway  
  165  15:06  Gateway, High Templar  
  179  15:12  Zealot x4  
  187  15:24  Assimilator  
  187  15:27  Assimilator  
  183  15:34  Zealot x2  
  183  15:45  Pylon  
  183  15:46  Stalker x3  
  183  15:47  Pylon, Stalker  
  187  16:06  Zealot x6  
  199  16:11  Photon Cannon  
  185  16:33  Stalker  
  185  16:34  Stalker x5  
  189  16:58  Zealot  
  189  16:59  Zealot x6  
  200  17:02  Archon  
  200  17:07  Zealot x2  
  192  17:22  Stalker x5  
Show
View Real Time Build Order
Export as new Build Order

GuMiho Terran 

Build Orders: Gas First Reaper Expand 

Get SALT Encoding   

  12  0:00  SCV  
  13  0:13  SCV  
  14  0:16  Supply Depot  
  14  0:25  SCV  
  14  0:27  Refinery  
  15  0:38  SCV  
  16  0:43  Barracks  
  16  0:50  SCV  
  17  1:02  SCV  
  18  1:14  SCV  
  19  1:29  Orbital Command  
  19  1:30  Reaper  
  20  1:40  Command Center  
  20  1:51  Factory  
  20  1:55  SCV  
  21  2:01  Refinery  
  21  2:04  Barracks Reactor  
  21  2:07  SCV  
  22  2:10  Supply Depot  
  22  2:19  SCV  
  23  2:32  SCV  
  23  2:36  Starport  
  24  2:45  Hellion x2  
  24  2:46  Barracks Tech Lab  
  24  2:47  SCV  
  29  2:52  Orbital Command  
  29  2:59  SCV  
  30  3:11  SCV  
  30  3:12  Marine x2, Cyclone  
  34  3:14  Starport Tech Lab  
  34  3:18  Refinery  
  36  3:20  SCV  
  36  3:23  SCV  
  38  3:29  Supply Depot  
  38  3:32  Marine x2  
  40  3:35  SCV  
  40  3:36  SCV  
  40  3:44  Cyclone  
  40  3:47  SCV  
  40  3:48  SCV  
  44  3:49  Mag-Field Accelerator  
  44  3:55  Marine x2  
  46  3:57  Viking  
  46  4:02  Supply Depot  
  48  4:05  SCV x2  
  48  4:11  Cloaking Field  
  48  4:12  Marine x2  
  50  4:19  Cyclone  
  50  4:21  SCV  
  50  4:24  SCV  
  55  4:25  Supply Depot  
  55  4:30  Marine x2  
  57  4:32  Banshee  
  57  4:34  SCV  
  57  4:37  SCV  
  62  4:40  Supply Depot  
  62  4:46  SCV  
  62  4:48  Marine x2  
  62  4:49  SCV  
  62  4:50  Supply Depot  
  66  4:53  Cyclone  
  66  4:58  SCV  
  70  5:02  SCV, Supply Depot  
  71  5:08  Marine x2  
  71  5:12  SCV  
  71  5:14  SCV  
  74  5:15  Banshee  
  77  5:24  SCV  
  77  5:25  Marine  
  77  5:26  Marine, SCV  
  78  5:34  Command Center  
  75  5:37  SCV  
  75  5:38  SCV  
  77  5:58  Marine  
  77  6:00  Widow Mine x2  
  77  6:02  Stimpack  
  77  6:04  Medivac  
  80  6:16  Marine  
  73  6:21  Barracks  
  73  6:22  SCV x2  
  73  6:23  Barracks  
  73  6:24  Barracks x2  
  70  6:27  Widow Mine x2  
  71  6:34  Marine, SCV x2  
  74  6:41  Medivac  
  74  6:45  Engineering Bay  
  74  6:46  SCV x2, Engineering Bay  
  75  6:50  Widow Mine  
  75  6:51  Widow Mine  
  75  6:52  Marauder  
  81  6:56  Orbital Command  
  81  6:58  SCV  
  83  7:08  SCV  
  83  7:10  Barracks Tech Lab x2, SCV  
  83  7:11  Barracks Tech Lab  
  83  7:12  Barracks Reactor  
  83  7:13  Barracks  
  83  7:14  Barracks  
  83  7:15  Barracks  
  82  7:16  Widow Mine x2  
  82  7:19  Marauder  
  82  7:21  SCV x2  
  89  7:23  Terran Infantry Armor Level 1, Terran Infantry Weapons Level 1  
  89  7:24  Refinery  
  89  7:28  Supply Depot  
  89  7:31  SCV, Supply Depot x2  
  89  7:33  SCV x2  
  89  7:34  Marauder  
  89  7:35  Concussive Shells, Marauder  
  96  7:37  Combat Shield  
  96  7:43  Marauder x2  
  100  7:46  SCV  
  100  7:47  SCV x2  
  101  7:52  Factory Reactor  
  101  7:56  Marauder x2  
  101  7:58  Marine x2  
  99  8:00  Medivac x2  
  99  8:04  Marauder  
  99  8:05  Marauder  
  100  8:07  Marine x2  
  100  8:08  Marine  
  88  8:16  Marine x2  
  88  8:17  Marauder x2  
  83  8:25  Marine x4  
  83  8:26  Marine  
  84  8:34  Marine x2  
  77  8:38  Marine  
  77  8:39  Marauder  
  76  8:42  Marine x2  
  76  8:43  Marauder  
  76  8:44  Marine, Marauder  
  76  8:46  SCV x2  
  83  8:51  Marine x2  
  84  8:56  Marine  
  84  9:00  Marine x3  
  84  9:02  Marine, Widow Mine x2  
  91  9:04  Marine  
  91  9:05  Marine  
  91  9:09  Marine x2  
  91  9:11  Medivac  
  91  9:13  SCV x3  
  91  9:14  Marine  
  91  9:15  Missile Turret  
  97  9:17  Marine  
  97  9:18  Marine x2  
  97  9:20  Marine  
  97  9:22  Marine, Marauder  
  102  9:24  Missile Turret  
  102  9:25  SCV x3  
  102  9:31  Marine x2  
  97  9:32  Marauder  
  97  9:36  Marine x2, Marauder  
  97  9:37  Marine  
  100  9:40  Marine  
  100  9:43  Marine  
  102  9:47  SCV x3  
  102  9:49  Marine x2, Missile Turret  
  107  9:53  Marine  
  107  9:56  Barracks Reactor  
  107  9:57  Barracks Reactor  
  107  9:59  SCV x3  
  111  10:03  Refinery, Supply Depot  
  111  10:07  Supply Depot  
  111  10:13  Marine x2, Marauder  
  111  10:14  Marine  
  111  10:15  Marine  
  111  10:19  Marine x2  
  99  10:31  Marine x2  
  99  10:32  Marine  
  99  10:33  Marine  
  99  10:34  Marine x3  
  103  10:35  Widow Mine  
  103  10:37  Widow Mine  
  103  10:38  Marine x2  
  103  10:39  Marine  
  108  10:45  Marine  
  108  10:49  Marine x2  
  100  10:55  Marine x2  
  100  10:56  Marine  
  96  11:00  Widow Mine  
  96  11:02  Widow Mine  
  91  11:07  Marauder x3  
  93  11:15  Medivac x2  
  93  11:17  Marauder  
  99  11:20  Armory  
  99  11:24  Marauder  
  101  11:26  SCV x3  
  101  11:28  Marauder  
  106  11:35  Marauder x2  
  106  11:38  Marauder  
  111  11:46  Marauder  
  111  11:47  Marine x4  
  111  11:48  Marine x2  
  111  11:49  Marauder  
  111  11:53  Medivac x2  
  123  11:56  Marauder x2  
  123  11:59  Marine  
  124  12:05  Marine x2  
  124  12:07  Marauder  
  130  12:08  Widow Mine  
  130  12:09  Marine x4, Widow Mine  
  130  12:11  Marauder  
  130  12:14  Supply Depot x2  
  136  12:15  Supply Depot  
  136  12:18  Terran Infantry Weapons Level 2  
  136  12:22  Terran Infantry Armor Level 2  
  135  12:25  Marauder  
  135  12:29  Marine, Marauder  
  140  12:30  Marine  
  139  12:38  Widow Mine x2  
  139  12:39  Medivac  
  144  12:51  Sensor Tower  
  144  12:55  Marine, Marauder x3  
  144  12:56  Marine  
  152  13:04  Marauder x2  
  156  13:06  Marine, Orbital Command  
  156  13:08  Marine  
  156  13:10  Marine  
  159  13:14  Missile Turret  
  159  13:17  Marine  
  159  13:19  Marine  
  158  13:20  Marine  
  158  13:21  Marine  
  158  13:23  Marine  
  158  13:26  Marine  
  162  13:28  Marine  
  162  13:29  Marine  
  162  13:30  Marine  
  165  13:40  Supply Depot  
  165  13:42  Supply Depot  
  165  13:47  Supply Depot  
  165  13:53  Marine  
  165  13:54  Marauder x3  
  172  14:01  Marauder  
  172  14:02  Marauder  
  162  14:16  Marine x6, Marauder x3  
  155  14:19  Widow Mine x2  
  155  14:20  Medivac  
  155  14:23  Marauder x2  
  165  14:24  Medivac  
  165  14:25  Supply Depot  
  155  14:34  Marine x2  
  155  14:37  Marauder x2  
  151  14:40  Marine x2, Marauder  
  151  14:41  Marine x2  
  151  14:44  Marauder x2  
  156  14:47  Ghost Academy  
  156  14:51  Marine  
  156  14:52  Marine, Widow Mine x2  
  162  14:58  Marine, Marauder  
  165  15:01  Medivac x2, Sensor Tower  
  165  15:02  Marine x2  
  165  15:06  Marauder  
  173  15:09  Marine  
  173  15:10  Marine, Marauder  
  173  15:12  Marine  
  173  15:13  Marine  
  179  15:18  Marine  
  179  15:19  Marauder  
  179  15:20  Marine x2  
  184  15:22  Marine  
  184  15:27  Widow Mine x2  
  189  15:30  Marauder  
  188  15:44  Ghost x2  
  188  15:45  Marine x3  
  197  15:53  Marine, Marauder  
  200  15:59  Ghost  
  199  16:11  Marine  
  192  16:24  Marine x2  
  192  16:25  Marauder  
  178  16:30  Marine x3, Marauder x2  
  178  16:31  Marine  
  178  16:32  Marine  
  171  16:41  Marauder  
  171  16:42  Marine x2  
  171  16:46  Marauder  
  177  16:48  Marine x3  
  177  16:51  Marine x2  
  177  16:52  Marauder  
  184  16:56  Widow Mine x2  
  184  16:59  Marauder  
  184  17:00  Marine x2  
  192  17:02  Marauder  
  192  17:06  Marine x2  
  188  17:10  Marauder x2  

Tags
 
Add a new tag
Caveats
  • Supply blocks, unpowered buildings, or Contaminate may cause inaccurate times.
  • Supply counts are checked every 10 seconds.